 Dungeon Crawl Stone Soup version 0.28.0-43-g3370ac3207 (webtiles) character file.

Game seed: 11567010484052395916

368 RatsInWalls the Cudgeller (level 6, 0/62 HPs)
             Began as a Troll Fighter on Apr 1, 2022.
             Slain by a gnoll
             ... wielding a +0 trident
              (6 damage)
             ... on level 4 of the Dungeon.
             The game lasted 00:05:25 (2830 turns).

RatsInWalls the Cudgeller (Troll Fighter)           Turns: 2830, Time: 00:05:25

Health: 0/62       AC:  4    Str: 27    XL:     6   Next: 41%
Magic:  5/5        EV:  9    Int:  4    God:
Gold:   142        SH:  7    Dex:  9    Spells: 5/5 levels left

rFire   . . .      SeeInvis .   a - +0 flail
rCold   . . .      Faith    .   c - +0 kite shield
rNeg    . . .      Spirit   .   b - +0 robe
rPois   .          Reflect  .   (helmet restricted)
rElec   .          Harm     .   (no cloak)
rCorr   .          Rampage  .   (gloves unavailable)
Will    .....                   (boots unavailable)
Stlth   +.........              (no amulet)
HPRegen 1.00/turn               (no ring)
MPRegen 0.09/turn               (no ring)

@: mighty, lethally poisoned (0 -> 0)
A: large, unfitting armour, claws 3, regeneration 1, shaggy fur 1, tough skin 1
a: no special abilities


You were on level 4 of the Dungeon.
You visited 1 branch of the dungeon, and saw 4 of its levels.

You collected 142 gold pieces.

Inventory:

Hand Weapons
 a - a +0 flail (weapon)
Missiles
 g - a throwing net (quivered)
 p - 39 stones
Armour
 b - a +0 robe (worn)
 c - a +0 kite shield (worn)
Scrolls
 e - a scroll of amnesia {unknown}
 f - a scroll of holy word {unknown}
 h - a scroll of immolation {unknown}
 k - 2 scrolls of silence {unknown}
Potions
 d - 3 potions of might
 i - 3 potions of cancellation {unknown}
 j - a potion of curing {unknown}
 l - a potion of resistance {unknown}
 m - a potion of brilliance {unknown}
 n - a potion of attraction {unknown}
 o - a potion of lignification {unknown}


   Skills:
 * Level 4.2 Fighting
 * Level 4.2 Maces & Flails
 + Level 3.4 Dodging
 - Level 2.4 Shields


You had 5 spell levels left.
You didn't know any spells.
Your spell library was empty.

Dungeon Overview and Level Annotations

Branches:
Dungeon (4/15)
 Temple: D:4-7

Altars:


Innate Abilities, Weirdness & Mutations

You are too large for most types of armour.
You have claws for hands.
Your natural rate of healing is unusually fast.
You are covered in fur. (AC +1)
You have tough skin. (AC +1)


Message History

Eustachio gestures wildly while chanting.
You hit Eustachio.
Eustachio is lightly wounded.
You block Eustachio's attack.
You closely miss Eustachio.
Eustachio is lightly wounded.
Eustachio hits you with a +2 rapier of venom!
You are poisoned.
You bludgeon Eustachio!!
Eustachio is severely wounded.
You feel very sick.
Eustachio gestures wildly while chanting.
A gnoll comes into view. It is wielding a +0 trident.
You block Eustachio's attack.
You closely miss Eustachio.
Eustachio is severely wounded.
You feel sick. The quokka barely misses you.
Eustachio hits you with a +2 rapier of venom.
You are more poisoned.
You thump Eustachio!
You kill Eustachio!
The bat disappears in a puff of smoke!
The quokka disappears in a puff of smoke!
You feel very sick.
Your Fighting skill increases to level 4!
Your Maces & Flails skill increases to level 4!
You have reached level 6!
You feel stronger.
You feel very sick.
The gnoll hits you from afar with a +0 trident.
You feel sick.
You feel sick. The gnoll hits you with a +0 trident.
You barely miss the gnoll.
You feel sick. The gnoll hits you with a +0 trident!
* * * LOW HITPOINT WARNING * * *
You sock the gnoll!
The gnoll is almost dead.
You feel sick. The gnoll hits you with a +0 trident.
* * * LOW HITPOINT WARNING * * *
The gnoll hits you with a +0 trident.
You die...

#########
#.......#
#.#####.#
#.# #.# #.#
#.# ####
#.# #.#
#..# #.#
#.# #..###
#.# #..
#.@..#
#.#######
#g##.#
#.##.....
#. #.#
#.##.####
#. #.#
#.##.###.
.. #.#
#.##.....
#######.#
#.#######
#.......#
#.#.....#
#.#######
#.#.###>.
#.......###
#.#......


You could see a gnoll.

Vanquished Creatures
  Eustachio (D:4)
  A gnoll shaman (D:4)
  8 gnolls
  4 adders
  A howler monkey skeleton (D:4)
  4 worms
  A dart slug (D:3)
  4 orcs
  2 endoplasms
  4 giant cockroaches
  6 goblins
  6 hobgoblins
  5 quokkas
  3 ball pythons
  5 bats
  3 frilled lizards
  10 kobolds
  8 rats
76 creatures vanquished.

Notes
Turn   | Place    | Note
-------+----------+-------------------------------------------
     0 | D:1      | RatsInWalls the Troll Fighter began the quest for the Orb.
     0 | D:1      | Reached XP level 1. HP: 22/22 MP: 0/0
   134 | D:1      | Reached XP level 2. HP: 29/29 MP: 1/1
   728 | D:2      | Reached XP level 3. HP: 26/36 MP: 2/2
  1037 | D:2      | Reached XP level 4. HP: 34/45 MP: 3/3
  2066 | D:3      | Reached XP level 5. HP: 43/53 MP: 4/4
  2816 | D:4      | Noticed Eustachio
  2825 | D:4      | Killed Eustachio
  2826 | D:4      | Reached XP level 6. HP: 38/62 MP: 5/5
  2830 | D:4      | Slain by a gnoll

Illustrated notes

Levels and vault maps discovered:
D:1:      tarquinn_simple_flora_water_c, layout_loops_ring
D:2:      layout_loops_ring, grunt_decor_cap
D:3:      layout_loops_corners
D:4:      layout_basic, uniq_eustachio, uniq_crazy_yiuf_cottage

Skill      XL: |  1  2  3  4  5 |
---------------+----------------+-----
Maces & Flails | 2 3 4 |  4.2
Fighting       | 3 4 |  4.2
Dodging        | 3 |  3.4
Shields        | |  2.4

Action                   |  1- 3 |  4- 6 || total
-------------------------+-------+-------++-------
Melee: Flail             |   118 |   118 ||   236
  Use: Potion            |       |     1 ||     1
Armor: Robe              |    39 |    31 ||    70
Dodge: Dodged            |    37 |    34 ||    71
Block: Kite shield       |    40 |    49 ||    89
